 Dungeon Crawl Stone Soup version 0.28-a0-664-gc179e30c89 (webtiles) character file.

Game seed: 3121579478405052446

159 cheechan the Charlatan (level 5, -12/34 HPs)
             Began as an Octopode Artificer on Oct 15, 2021.
             Mangled by Edmund (18 damage)
             ... on level 4 of the Dungeon.
             The game lasted 00:15:30 (4286 turns).

cheechan the Charlatan (Octopode Artificer)         Turns: 4286, Time: 00:15:30

Health: -12/34     AC:  1    Str: 12    XL:     5   Next: 40%
Magic:  5/5        EV: 13    Int: 13    God:
Gold:   41         SH:  3    Dex: 13    Spells: 4/4 levels left

rFire   . . .      SeeInvis .   h - +0 whip
rCold   + . .      Faith    .   l - +0 buckler
rNeg    . . .      Spirit   .   (helmet restricted)
rPois   .          Reflect  .   (no amulet)
rElec   .          Harm     .   g - ring of wizardry
rCorr   .          Rampage  .   k - ring of protection from cold
Will    .....                   m - ring of wizardry
Stlth   +++.......              (no ring)
HPRegen 0.11/turn               (no ring)
MPRegen 0.09/turn               (no ring)
                                (no ring)
                                (no ring)

@: no status effects
A: almost no armour, amphibious, 8 rings, camouflage 1, gelatinous body 1,
(nimble swimmer 1), tentacles
a: no special abilities


You were on level 4 of the Dungeon.
You visited 1 branch of the dungeon, and saw 4 of its levels.

You collected 41 gold pieces.

Inventory:

Hand Weapons
 a - a +0 club
 h - a +0 whip (weapon)
 r - a +0 mace
Missiles
 b - 4 boomerangs (quivered)
 f - 108 stones
 i - 71 arrows
 t - 30 sling bullets
 v - 13 bolts
Armour
 l - a +0 buckler (worn)
Jewellery
 g - a ring of wizardry (left tentacle)
 k - a ring of protection from cold (right tentacle)
 m - a ring of wizardry (on tentacle)
Wands
 c - a wand of charming (14)
Scrolls
 e - 3 scrolls of enchant armour
Potions
 j - 2 potions of flight
 n - 2 potions of curing
 o - 2 potions of lignification
 p - a potion of degeneration {unknown}
 q - a potion of ambrosia {unknown}
 s - a potion of cancellation {unknown}
Miscellaneous
 d - a piece from Xom's chessboard (15/15)


   Skills:
 + Level 1.7 Fighting
 + Level 2.0 Maces & Flails
 + Level 3.2 Dodging
 + Level 3.3 Stealth
 + Level 0.4 Shields
 + Level 4.3 Evocations


You had 4 spell levels left.
You didn't know any spells.
Your spell library was empty.

Dungeon Overview and Level Annotations

Branches:
Dungeon (4/15)
 Temple: D:4-7

Altars:

Shops:
D:1 (

Annotations:
D:4 Edmund


Innate Abilities, Weirdness & Mutations

You cannot wear most types of armour.
You are amphibious.
You can wear up to eight rings at the same time.
Your skin changes colour to match your surroundings (Stealth+).
Your rubbery body absorbs attacks. (AC +1, EV +1)
((You are camouflaged near water. (Stealth+)))
You have tentacles for arms and can constrict up to eight enemies at once.


Message History

You hit Edmund but do no damage. You grab Edmund.
Edmund is heavily wounded.
You constrict Edmund, but do no damage.
Edmund hits you with a +4 dire flail of protection!
* * * LOW HITPOINT WARNING * * *
Your adder bites Edmund but does no damage.
Blink to where?
Press: ? - help, Dir - move target, p - adder You lose your grip on Edmund.
As you read the scroll of blinking, it crumbles to dust.
Your adder bites Edmund but does no damage.
Your adder closely misses Edmund.
Your adder bites Edmund.
Edmund is poisoned.
Your adder poisons Edmund!
Throw: 3 darts (poison)
Press: ? - help, Q - select action, (/) - cycle Shift-Dir - straight line, f - Edmund
Aim: Edmund, wielding a +4 dire flail of protection and wearing a +0 leather armour (heavily wounded, poisoned, ally target, 56% to hit)
You throw a poisoned dart.
The poisoned dart closely misses Edmund.
Edmund hits your adder with a +4 dire flail of protection!
Your adder dies!
Throw: 2 darts (poison)
Press: ? - help, Q - select action, (/) - cycle Shift-Dir - straight line, f/p - Edmund
Aim: Edmund, wielding a +4 dire flail of protection and wearing a +0 leather armour (heavily wounded, unaware, poisoned, hasn't noticed you, 56% to hit)
You throw a poisoned dart. The poisoned dart barely misses Edmund.
Edmund shouts!
Throw: dart (poison)
Press: ? - help, Q - select action, (/) - cycle Shift-Dir - straight line, f/p - Edmund
Aim: Edmund, wielding a +4 dire flail of protection and wearing a +0 leather armour (heavily wounded, poisoned, 56% to hit)
Okay, then.
Edmund looks more healthy.
Throw: dart (poison)
Press: ? - help, Q - select action, (/) - cycle Shift-Dir - straight line, f/p - Edmund
Aim: Edmund, wielding a +4 dire flail of protection and wearing a +0 leather armour (severely wounded, 56% to hit)
You throw a poisoned dart. The poisoned dart hits Edmund.
Edmund is poisoned.
Edmund is severely wounded.
You hit Edmund. Your grab misses Edmund. You squeeze Edmund, but do no damage.
Edmund is severely wounded.
Edmund hits you with a +4 dire flail of protection!!
Ouch! That really hurt!
You die...

... ...########+########
#..................
#..................
#..................
#..................
#..................
+..................
#.@@...............
#+####.....(.......(....
.....##'########........
...............#........
...............#........
.....>.........#........
...............#........
..........>....#........
.....##...###'##


You could see Edmund (poisoned).

Vanquished Creatures
  Natasha (D:3)
  Terence (D:2)
  5 adders
  3 dart slugs
  6 endoplasms
  3 giant cockroaches
  7 goblins
  A hobgoblin (D:1)
  4 jackals
  6 kobolds
  3 quokkas
  6 ball pythons
  5 bats
  4 frilled lizards
  6 rats (D:1)
61 creatures vanquished.

Vanquished Creatures (others)
  An adder (D:4)
1 creature vanquished.

Grand Total: 62 creatures vanquished

Notes
Turn   | Place    | Note
-------+----------+-------------------------------------------
     0 | D:1      | cheechan the Octopode Artificer began the quest for the
                  | Orb.
     0 | D:1      | Reached XP level 1. HP: 13/13 MP: 1/1
    22 | D:1      | Found Pyheq's Weapon Shoppe.
    72 | D:1      | Found a faded altar of an unknown god.
   618 | D:1      | Reached XP level 2. HP: 13/18 MP: 2/2
  1295 | D:1      | Reached skill level 4 in Evocations
  1300 | D:1      | Reached XP level 3. HP: 16/23 MP: 3/3
  1521 | D:2      | HP: 1/23 [adder (4)]
  2079 | D:2      | Reached skill level 1 in Maces & Flails
  2262 | D:2      | Noticed Terence
  2287 | D:2      | HP: 1/23 [Terence (8)]
  2289 | D:2      | Killed Terence
  2290 | D:2      | Reached XP level 4. HP: 2/28 MP: 4/4
  3390 | D:3      | Reached XP level 5. HP: 33/33 MP: 5/5
  3814 | D:3      | Noticed Natasha
  3825 | D:3      | Killed Natasha
  4262 | D:4      | Noticed Edmund
  4286 | D:4      | Mangled by Edmund

Illustrated notes

Levels and vault maps discovered:
D:1:      erik_arrival_triangle_small, layout_basic, serial_shops, shop,
          hellmonk_ecumenical_altar_slurped_away
D:2:      layout_rooms, uniq_terence
D:3:      layout_basic, uniq_natasha
D:4:      layout_gridville, uniq_edmund, uniq_robin

Skill      XL: |  1  2  3  4  5 |
---------------+----------------+-----
Evocations     | 4 |  4.3
Stealth        | 2 3 |  3.3
Maces & Flails | 1 2 |  2.0
Dodging        | 3 |  3.2
Fighting       | |  1.7
Shields        | |  0.4

Action                   |  1- 3 |  4- 6 || total
-------------------------+-------+-------++-------
Melee: Whip              |    86 |    64 ||   150
       Club              |     9 |       ||     9
       Constrict         |    24 |    14 ||    38
       Tentacles         |    14 |    14 ||    28
Throw: Dart              |       |     3 ||     3
Evoke: Wand              |    10 |     6 ||    16
  Use: Scroll            |     3 |     4 ||     7
 Stab: Sleeping          |     6 |     5 ||    11
Armor: Skin              |     8 |     3 ||    11
Dodge: Dodged            |    90 |    43 ||   133
Block: Buckler           |     7 |    10 ||    17

Table legend: (Time is in decaauts)
 A = Elapsed time spent in this place.
 B = Non-inter-level travel time spent in this place.
 C = Inter-level travel time spent in this place.
 D = Time resting spent in this place.
 E = Time spent auto-exploring this place.
 F = Levels seen in this place.
 G = Mean time per level.
                   A        B        C        D        E       F      G
               +--------+--------+--------+--------+--------+-----+--------+
         Total |   4301 |   4173 |    128 |   1630 |      0 |   4 | 1075.2 |
       Dungeon |   4301 |   4173 |    128 |   1630 |      0 |   4 | 1075.2 |
               +--------+--------+--------+--------+--------+-----+--------+

Top non-repeatable levels by time:
     D:1: 1512 daAuts
     D:2: 1445 daAuts
     D:3: 1201 daAuts
     D:4: 142 daAuts
